 Dungeon Crawl Stone Soup version 0.32-a0-290-g598725c5f2 (webtiles) character file.

Game seed: 3460169386137902324

27 Bravepunisher the Ducker (level 2, -4/16 HPs)
             Began as a Spriggan Monk on Feb 13, 2024.
             Killed from afar by an orc wizard (5 damage)
             ... with a magic dart
             ... on level 7 of the Dungeon.
             The game lasted 00:06:07 (1415 turns).

Bravepunisher the Ducker (Spriggan Monk)            Turns: 1415, Time: 00:06:08

Health: -4/16      AC:  2    Str:  7    XL:     2   Next: 93%
Magic:  3/3        EV: 18    Int: 11    God:
Gold:   53         SH:  4    Dex: 17    Spells: 1/1 levels left

rFire   + . .        a - +0 short sword
rCold   . . .        d - +0 buckler
rNeg    . . .        b - +0 robe
rPois   .            (helmet restricted)
rElec   .            (no cloak)
rCorr   +            (gloves unavailable)
SInv    +            (boots unavailable)
Will    .....        (no amulet)
Stlth   ++           e - ring of protection from fire
HPRegen 0.22/turn    j - ring of resist corrosion
MPRegen 0.08/turn

%: no passive effects
@: very quick
A: very small, no large weapons, unfitting armour, see invisible, speed 3
a: no special abilities


You were on level 7 of the Dungeon.
You visited 1 branch of the dungeon, and saw 7 of its levels.

You collected 53 gold pieces.

Inventory:

Hand Weapons
 a - a +0 short sword (weapon)
Armour
 b - a +0 robe (worn)
 d - a +0 buckler (worn)
Jewellery
 e - a ring of protection from fire (left hand)
 j - a ring of resist corrosion (right hand)
Scrolls
 f - a scroll of poison {unknown}
 g - 2 scrolls of identify {unknown}
 h - a scroll of vulnerability {unknown}
 k - a scroll of noise {unknown}
 l - a scroll of fog {unknown}
Potions
 c - a potion of ambrosia
 i - a potion of attraction {unknown}


   Skills:
 + Level 2.7 Fighting
 - Level 3.2 Short Blades
 * Level 4.8 Dodging
 + Level 0.7 Shields


You had one spell level left.
You didn't know any spells.
Your spell library contained the following spells:

 Spells                   Type           Power      Damage    Failure   Level
 Summon Small Mammal      Summ           0%         N/A       52%         1
 Call Canine Familiar     Summ           0%         N/A       87%         3
 Brom's Barrelling Bould  Conj/Erth      0%         2d3       99%         4
 Summon Blazeheart Golem  Fire/Summ      0%         N/A       99%         4
 Fireball                 Conj/Fire      0%         3d3       100%        5
 Iskenderun's Battlesphe  Conj           0%         2d6       100%        5
 Conjure Ball Lightning   Conj/Air       0%         3x3d6     100%        6
 Orb of Destruction       Conj           0%         9d5       100%        7


Dungeon Overview and Level Annotations

Branches:
Dungeon (7/15)
 Temple: D:4-7

Altars:
Hepliaklqana
Qazlal
Ru
Sif Muna
Uskayaw

Shops:
D:2 (

Annotations:
D:6 Edmund


Innate Abilities, Weirdness & Mutations

You are very small and have problems with some larger weapons.
You are too small for most types of armour.
You have supernaturally acute eyesight. (SInv)
You cover ground extremely quickly. (Speed+++)


Message History

The orc wizard casts a spell at you. The magic dart hits you.
The orc shouts!
The orc hits you with a +0 dagger.
The orc wizard points at you and mumbles some strange words.
The magic dart hits you. The orc misses you. The orc misses you.
The orc wizard gestures at you while chanting.
You are confused.
Found a scroll labelled XEC LINLEAKU.
The orc wizard gestures at you while chanting.
The puff of flame hits you. You resist.
* * * LOW HITPOINT WARNING * * *
The orc wizard mumbles some strange words.
The orc wizard flickers and vanishes for a moment.
You bump into the rock wall.
The orc hits you but does no damage.
You bump into the rock wall.
You feel less confused. You block the orc's attack.
Found 31 gold pieces.
The orc wizard shouts!
You hear a shout!
An orc wizard opens the door.
An orc wizard comes into view. It is wielding a +0 dagger.
You hear a shout!
An orc wizard comes into view. It is wielding a +0 dagger.
An orc wizard comes into view. It is wielding a +0 dagger.
Found a book of the Hunter.
The orc wizard shouts!
Found 3 scrolls labelled XICWURR KONIQ.
Found a scroll labelled WUZARH MOXT.
Found a stone staircase leading down.
Found a stone staircase leading down.
You see here a scroll labelled WUZARH MOXT.
There is a stone staircase leading down here.
The orc wizard gestures at you while chanting.
The magic dart hits you.
* * * LOW HITPOINT WARNING * * *
The orc wizard gestures at you while chanting.
The magic dart hits you.
You die...

#...###..........#
#...#.#...?.#.>###
#.###.###.#.#..#
#.#.oo..#.#.#..#
..#'#o###..o...#
....#.#...#.#..#
.#oo###.o.o....######### ###.#
.....o...#####.......... .
.$..F ###.#..$.# ##..@....##
.. o#..#
###.###.........###..###......
....# #.#######.#.<......... #
##### #.# #...........# # ...
#......###..# # ...
#...(........ # ...#
##.#...$..##.# # #.......#.##
.. # # #..........#... #


You could see an orc wizard.

Vanquished Creatures
  An adder (D:2)
  An orc (D:5)
  A bat (D:2)
  An endoplasm (D:2)
  3 jackals (D:2)
  A ball python (D:1)
  A goblin (D:2)
  A rat (D:2)
10 creatures vanquished.

Notes
Turn   | Place    | Note
-------+----------+-------------------------------------------
     0 | D:1      | Bravepunisher the Spriggan Monk began the quest for the
                  | Orb.
     0 | D:1      | Reached XP level 1. HP: 11/11 MP: 2/2
   313 | D:2      | Reached XP level 2. HP: 12/16 MP: 3/3
   424 | D:2      | Found Efecas's Antique Weapon Shop.
   618 | D:4      | Noticed a scorpion
   642 | D:5      | Entered Level 5 of the Dungeon
   792 | D:4      | Found a hide-covered altar of Uskayaw.
   793 | D:4      | Found a hazy altar of Hepliaklqana.
   794 | D:4      | Found a sacrificial altar of Ru.
   794 | D:4      | Found a shimmering blue altar of Sif Muna.
   794 | D:4      | Found a stormy altar of Qazlal.
   930 | D:5      | Noticed a bombardier beetle
   975 | D:6      | Noticed a bombardier beetle
   987 | D:6      | Noticed a howler monkey
  1018 | D:7      | Noticed a phantom
  1032 | D:7      | Noticed a steam dragon
  1038 | D:7      | Noticed a gnoll sergeant
  1043 | D:7      | Noticed a bullfrog
  1153 | D:6      | Noticed Edmund
  1332 | D:7      | Noticed a scorpion
  1415 | D:7      | Killed from afar by an orc wizard

Illustrated notes

Levels and vault maps discovered:
D:1:      noname_arrival_rooms_in_the_neighbourhood, layout_basic,
          minmay_misc_feat_diagonals
D:2:      layout_loops_ring, serial_shops, nicolae_shop_advertising_works
          [nicolae_subvault_shop_adworks]
D:3:      layout_loops_cross, roderic_lattice_a
D:4:      layout_basic, grunt_temple_overflow_open, minmay_close_crescents
D:5:      layout_basic, serial_shops, shop, st_stairs_8
D:6:      layout_loops_ring, grunt_decor_fettered, uniq_edmund
D:7:      layout_loops_cross, minmay_temple_entry_offerings,
          chequers_mini_garden, minmay_a_box_with_orc_wizards_in_it

Action                     || total
---------------------------++-------
  Melee: Short sword       ||    52
   Stab: Sleeping          ||     1
 Armour: Robe              ||    25
  Dodge: Dodged            ||    64
  Block: Buckler           ||    13

Table legend: (Time is in decaauts)
 A = Elapsed time spent in this place.
 B = Non-inter-level travel time spent in this place.
 C = Inter-level travel time spent in this place.
 D = Time resting spent in this place.
 E = Time spent auto-exploring this place.
 F = Levels seen in this place.
 G = Mean time per level.
                   A        B        C        D        E       F      G
               +--------+--------+--------+--------+--------+-----+--------+
         Total |    940 |    940 |      0 |      0 |    392 |   7 |  134.3 |
       Dungeon |    940 |    940 |      0 |      0 |    392 |   7 |  134.3 |
               +--------+--------+--------+--------+--------+-----+--------+

Top non-repeatable levels by time:
     D:2: 264 daAuts
     D:6: 184 daAuts
     D:7: 124 daAuts
     D:5: 106 daAuts
     D:4: 102 daAuts
     D:1: 86 daAuts
     D:3: 70 daAuts
